 Dungeon Sprint DCSS version 0.23.0 (webtiles) character file.

Game seed: 16482477688508956300

462 Infinimo the Transmogrifier (level 7, -8/48 HPs)
             Began as a Merfolk Transmuter on Feb 17, 2019.
             Was an Initiate of Cheibriados.
             Mangled by a centaur warrior (9 damage)
             ... in the Dungeon (Sprint I: "Red Sonja").
             The game lasted 00:01:29 (377 turns).

Infinimo the Transmogrifier (Merfolk Transmuter)     Turns: 377, Time: 00:01:30

Health: -8/48      AC:  2    Str: 13    XL:     7   Next: 7%
Magic:  5/10       EV: 13    Int: 14    God:    Cheibriados [......]
Gold:   297        SH:  0    Dex: 15    Spells: 1/10 levels left

rFire    . . .     SeeInvis .     - Unarmed
rCold    . . .     Gourm    .   (shield currently unavailable)
rNeg     . . .     Faith    .   b - +0 robe
rPois    .         Spirit   .   (no helmet)
rElec    .         Reflect  .   (no cloak)
rCorr    .         Harm     .   (gloves currently unavailable)
MR       .....     NoTele   +   (no boots)
Stlth    +.........             (no amulet)
HPRegen  0.16/turn              (no ring)
MPRegen  0.12/turn              (no ring)

@: blade hands, very slow
A: change form in water, swift swim, stealthy swim
a: End Transformation, Bend Time, Renounce Religion


You were in the Dungeon.
You worshipped Cheibriados.
Cheibriados was noncommittal.
You were not hungry.
You had blades for hands.
You visited 1 branch You collected 297 gold pieces.

Inventory:

Missiles
 a - 12 arrows
Armour
 b - a +0 robe (worn)
Wands
 i - a wand of digging (7)
Scrolls
 c - a scroll of remove curse {unknown}
 j - a scroll of blinking
Potions
 e - a potion of curing
 f - a potion of heal wounds
 g - a potion of haste
 h - 2 potions of magic
Comestibles
 d - a ration
 k - a chunk of flesh


   Skills:
 - Level 1.1 Fighting
 - Level 2.6 Dodging
 + Level 11.6 Unarmed Combat
 - Level 2.0 Spellcasting
 + Level 13.2 Transmutations


You had one spell level left.
You knew the following spells:

 Your Spells              Type           Power        Failure   Level  Hunger
a - Beastly Appendage     Tmut           #####.       7%          1    ##.....
b - Spider Form           Tmut/Pois      ###.......   32%         3    ####...
c - Blade Hands           Tmut           #####.....   26%         5    ######.

Your spell library contained the following spells:

 Spells                   Type           Power        Failure   Level  Hunger
 Sticks to Snakes         Tmut           #####...     8%          2    ###....
 Ice Form                 Ice/Tmut       ###.....     56%         4    #####..


Dungeon Overview and Level Annotations

Branches:
Dungeon (1/1)

Altars:
Cheibriados
Dithmenos
Elyvilon
Fedhas
Gozag
Hepliaklqana
Kikubaaqudgha
Nemelex Xobeh
Okawaru
Qazlal
Ru
Sif Muna
Trog
Uskayaw
Vehumet
Wu Jian
Yredelemnul
Zin
The Shining One

Shops:
D %


Message History

g - Guard the area. f - Follow me.
Anything else - Cancel.
You shout for attention!
You hear a shout! x2
You close the door.
Casting: Blade Hands (safe; 3% risk of failure)
Confirm with . or Enter, or press ? or * to list all spells.
Your hands turn into razor-sharp scythe blades.
A centaur warrior opens the door.
The centaur warrior hits you.
There is an open door here.
The centaur warrior is moderately wounded.
The centaur warrior hits you!
The centaur warrior is heavily wounded.
The centaur warrior hits you. The centaur warrior hits you!
* * * LOW HITPOINT WARNING * * *
The centaur warrior is severely wounded.
The centaur warrior hits you!
* * * LOW HITPOINT WARNING * * *
The centaur warrior hits you!
You die...

################
#<.#.)').#..'..#
#..'..#..').#..+
#..#####'#####'# ##
#..####..#...#)####§(#
#..#__####..##.#§§≈§.#
#..#_____##'#_.@c§§§§+
#⌠⌠#_.∩...÷..._#c§§§§#
####_..__##_.#+##+####
#_____###+# #######


You could see 2 centaur warriors.

Vanquished Creatures
  Sigmund (D)
  A yak (D)
  An ogre (D)
  A jelly (D)
  Ijyb (D)
5 creatures vanquished.

Notes
Turn   | Place    | Note
-------+----------+-------------------------------------------
     0 | D        | Infinimo the Merfolk Transmuter began the quest for the
                  | Orb.
     0 | D        | Reached XP level 1. HP: 15/15 MP: 3/3
     1 | D        | Noticed Ijyb
     8 | D        | Killed Ijyb
     8 | D        | Reached skill level 5 in Unarmed Combat
     8 | D        | Reached skill level 5 in Transmutations
     8 | D        | Reached XP level 2. HP: 20/21 MP: 5/5
     8 | D        | Reached XP level 3. HP: 25/26 MP: 6/6
     9 | D        | Noticed an ogre
    15 | D        | Killed an ogre
    15 | D        | Reached skill level 8 in Transmutations
    15 | D        | Reached XP level 4. HP: 32/32 MP: 7/7
   115 | D        | Learned a level 3 spell: Spider Form
   123 | D        | Noticed Sigmund
   131 | D        | Killed Sigmund
   131 | D        | Reached skill level 10 in Unarmed Combat
   131 | D        | Reached skill level 11 in Transmutations
   131 | D        | Reached XP level 5. HP: 34/37 MP: 4/8
   131 | D        | Reached XP level 6. HP: 40/43 MP: 4/9
   177 | D        | Learned a level 5 spell: Blade Hands
   187 | D        | Found an ornate altar of the Wu Jian Council.
   187 | D        | Found a deep blue altar of Sif Muna.
   189 | D        | Found a radiant altar of Vehumet.
   257 | D        | Found Asothry's Food Emporium.
   257 | D        | Found an ancient bone altar of Kikubaaqudgha.
   257 | D        | Found a hazy altar of Hepliaklqana.
   257 | D        | Found a stormy altar of Qazlal.
   257 | D        | Found a hide-covered altar of Uskayaw.
   257 | D        | Found a blossoming altar of Fedhas.
   257 | D        | Found a bloodstained altar of Trog.
   257 | D        | Found an iron altar of Okawaru.
   257 | D        | Found a basalt altar of Yredelemnul.
   257 | D        | Found a glowing golden altar of the Shining One.
   257 | D        | Found a snail-covered altar of Cheibriados.
   257 | D        | Found a sacrificial altar of Ru.
   257 | D        | Found a glowing silver altar of Zin.
   257 | D        | Found a shadowy altar of Dithmenos.
   257 | D        | Found a white marble altar of Elyvilon.
   257 | D        | Noticed a yak
   262 | D        | Killed a yak
   262 | D        | Reached skill level 13 in Transmutations
   262 | D        | Reached XP level 7. HP: 48/48 MP: 4/10
   309 | D        | Found an opulent altar of Gozag.
   312 | D        | Found a sparkling altar of Nemelex Xobeh.
   318 | D        | Became a worshipper of Cheibriados the Contemplative
   329 | D        | Noticed a centaur warrior
   334 | D        | Noticed a centaur warrior
   377 | D        | HP: 1/48 [centaur warrior (12)]
   377 | D        | Mangled by a centaur warrior

Skill      XL: |  1  2  3  4  5  6 |
---------------+-------------------+-----
Unarmed Combat | 5 7 10 11 | 11.6
Transmutations | 5 8 11 13 | 13.2
Fighting       | |  1.1
Dodging        | |  2.6
Spellcasting   | |  2.0

Action                   |  1- 3 |  4- 6 |  7- 9 || total
-------------------------+-------+-------+-------++-------
Melee: Unarmed           |     8 |    11 |     3 ||    22
       Punch             |     1 |       |       ||     1
 Cast: Spider Form       |       |     1 |       ||     1
       Blade Hands       |       |     2 |     1 ||     3
  Use: Potion            |     1 |       |       ||     1
Armor: Robe              |     2 |     1 |       ||     3
Dodge: Dodged            |     2 |     5 |     1 ||     8
